 Dungeon Crawl Stone Soup version 0.31-a0-325-g067879e3d3 (webtiles) character file.

Game seed: 921226789620747014

37003 cforsyth the Brawler (level 13, -4/102 HPs)
             Began as a Vampire Shapeshifter on July 18, 2023.
             Was a High Priest of Hepliaklqana.
             Slain by a harpy simulacrum (12 damage)
             ... in an ice cave.
             The game lasted 00:34:22 (16892 turns).

cforsyth the Brawler (Vampire Shapeshifter)        Turns: 16892, Time: 00:34:23

Health: -4/102     AC: 11    Str: 18    XL:     13   Next: 56%
Magic:  13/13      EV: 18    Int: 11    God:    Hepliaklqana [*****.]
Gold:   1978       SH:  0    Dex: 15    Spells: 12/12 levels left

rFire   . .          .
                       - Unarmed
rCold   . . .        (no shield)
rNeg    . . .        o - +0 chain mail
rPois   .            m - +0 helmet
rElec   .            Q - +0 cloak
rCorr   .            (no gloves)
SInv    +            G - +0 pair of boots
Will    +....        P - amulet of regeneration Stlth
                     q - +5 ring of evasion
HPRegen 1.37/turn    g - +5 ring of evasion
MPRegen 0.13/turn

%: no passive effects
@: healing quickly
A: reduced essence, alive, fangs 3, see invisible, vampiric 2
a: Exsanguinate, Renounce Religion, Recall Ancestor, Ancestor Identity,
Transference, Idealise


You were in an ice cave.
You worshipped Hepliaklqana.
Hepliaklqana was extremely pleased with you.
You visited 3 branches of the dungeon, and saw 16 of its levels.
You also visited: Ossuary and Ice Cave.

You collected 1978 gold pieces.

Inventory:

Missiles
 d - 6 silver javelins
 B - 2 throwing nets
Armour
 h - a +1 kite shield of cold resistance
 l - a +2 leather armour of willpower
 m - a +0 helmet (worn)
 o - a +0 chain mail (worn)
 y - the +2 robe "Reuducaal" {+Blink rC+ Dex-4 Archmagi}
   (You found it on level 6 of the Dungeon)

   Dex:       It affects your dexterity (-4).
   rC:        It protects you from cold.
   +Blink:    It lets you blink.
   Archmagi:  It increases the power of your magical spells.
 G - a +0 pair of boots (worn)
 M - a +1 troll leather armour
 Q - a +0 cloak (worn)
Jewellery
 b - a ring of resist corrosion
 e - a ring of positive energy
 g - a +5 ring of evasion (right hand)
 q - a +5 ring of evasion (left hand)
 F - an amulet of the acrobat
 P - an amulet of regeneration (around neck)
Talismans
 c - a beast talisman
Wands
 w - a wand of iceblast (10)
 A - a wand of polymorph (8)
 N - a wand of paralysis (16)
 O - a wand of mindburst (12)
Scrolls
 a - a scroll of fear {unknown}
 f - a scroll of torment
 i - 3 scrolls of immolation
 n - 3 scrolls of enchant armour
 p - 3 scrolls of blinking
 u - 2 scrolls of teleportation
 z - 5 scrolls of fog
 L - 2 scrolls of poison
Potions
 j - 3 potions of magic
 k - 3 potions of resistance
 r - 2 potions of might
 s - 5 potions of heal wounds
 t - 3 potions of enlightenment
 v - a potion of mutation
 C - a potion of attraction
 D - 3 potions of brilliance
 E - 2 potions of curing
 H - 3 potions of berserk rage
 I - a potion of haste
 J - 3 potions of invisibility
 R - a potion of cancellation


   Skills:
 + Level 14.7 Fighting
 - Level 2.1 Dodging
 - Level 15.3 Unarmed Combat
 + Level 10.2 Shapeshifting


You had 12 spell levels left.
You didn't know any spells.
Your spell library contained the following spells:

 Spells                   Type           Power      Damage    Failure   Level
 Blink                    Tloc           0%         N/A       99%         2
 Call Canine Familiar     Summ           0%         N/A       100%        3
 Portal Projectile        Hex/Tloc       0%         N/A       100%        3
 Volatile Blastmotes      Fire/Tloc      0%         2d10      100%        3
 Fulminant Prism          Conj/Hex       0%         3d5       100%        4
 Iskenderun's Mystic Bla  Conj/Tloc      0%         2d3       100%        4
 Leda's Liquefaction      Hex/Erth       0%         N/A       100%        4
 Manifold Assault         Tloc           0%         N/A       100%        4
 Passage of Golubria      Tloc           0%         N/A       100%        4
 Iskenderun's Battlesphe  Conj           0%         2d6       100%        5
 Silence                  Hex/Air        0%         N/A       100%        5
 Leda's Unmaking          Conj/Erth      0%         9d1       100%        6
 Spellforged Servitor     Conj/Summ      0%         N/A       100%        7
 Lehudib's Crystal Spear  Conj/Erth      0%         10d2      100%        8


Dungeon Overview and Level Annotations

Branches:
Dungeon (12/15)            Temple (1/1) D:4            Lair (3/5) D:10
 Shoals (0/4) Lair:2        Snake (0/4) Lair:3          Orc (0/2) D:11
Ossuary (visited)           IceCv (1/1)

Altars:
Ashenzari
Cheibriados
Dithmenos
Fedhas
Gozag
Hepliaklqana
Kikubaaqudgha
Makhleb
Nemelex Xobeh
Okawaru
Qazlal
Ru
Sif Muna
Trog
Uskayaw
Vehumet
Wu Jian
Xom
Yredelemnul

Annotations:
D:2 1 runed translucent door, Crazy Yiuf


Innate Abilities, Weirdness & Mutations

Your life essence is reduced to manifest your ancestor. (-10% HP)
Your natural rate of healing is accelerated.
You have razor-sharp teeth.
You have supernaturally acute eyesight. (SInv)
You are afflicted with vampirism and can become a bat while bloodless.


Message History

The anaconda simulacrum bites you but does no damage.
The anaconda simulacrum constricts you.
You hit the anaconda simulacrum.
The anaconda simulacrum vaporises!
No target in view!
No target in view!
No target in view!
No target in view!
No target in view!
No target in view!
No target in view!
You open the door.
A harpy simulacrum comes into view.
The harpy simulacrum claws you. The harpy simulacrum freezes you!
The harpy simulacrum barely misses you. x2
The harpy simulacrum closely misses you.
You hit the harpy simulacrum.
The harpy simulacrum is lightly damaged.
The harpy simulacrum claws you. The harpy simulacrum freezes you!!
The harpy simulacrum claws you but does no damage.
You hit the harpy simulacrum.
The harpy simulacrum is heavily damaged.
The harpy simulacrum misses you. The harpy simulacrum claws you.
The harpy simulacrum freezes you! The harpy simulacrum claws you!
The harpy simulacrum freezes you! The harpy simulacrum claws you!
* * * LOW HITPOINT WARNING * * *
The harpy simulacrum freezes you!
* * * LOW HITPOINT WARNING * * *
You are too injured to fight recklessly!
You are too injured to fight recklessly!
You are too injured to fight recklessly!
You are too injured to fight recklessly!
You are too injured to fight recklessly!
You are too injured to fight recklessly!
You are too injured to fight recklessly!
The harpy simulacrum attacks as you move away!
The harpy simulacrum claws you!
* * * LOW HITPOINT WARNING * * *
The harpy simulacrum freezes you!
You die...

###'#...#'###'#
#.'.......'.#.#
###.8...8.###.#
#.'.......'.#.#
#.###.8...8.###.#
#.'...........'.#
#.###.8...8.###.#
#.R.......'.#.#
###@8...8.###.#
#.Z.......'.#.#
######'######'#
...............#
###8.#####.8####
## #.## #.# #.#
#.#


You could see the friendly Amala the battlemage and a harpy simulacrum (ally
target).

Vanquished Creatures
  A hydra (Lair:2)
  2 boulder beetles
  3 two-headed ogres
  A skyshark (Lair:3)
  Pikel (D:7)
  2 ugly things
  A cyclops (D:12)
  A black mamba (Lair:1)
  An ice statue (IceCv)
  4 gargoyles
  A torpor snail (D:10)
  4 cane toads
  2 kobold demonologists (D:12)
  A rime drake (Lair:3)
  A komodo dragon (Lair:2)
  4 anaconda simulacra (IceCv)
  2 ice devils (IceCv)
  4 trolls
  Grinder (D:4)
  Prince Ribbit (D:7)
  2 blink frogs (Lair:1)
  2 shadows (D:10)
  A wraith (D:9)
  Sigmund (D:3)
  A vampire (D:11)
  2 wyverns
  29 yaks
  2 harpy simulacra (IceCv)
  An acid dragon (D:9)
  6 water moccasins
  5 orc warriors
  An ice beast (D:5)
  4 black bears
  A sky beast (D:8)
  3 centaurs
  5 ogres
  A wolf (Lair:2)
  A lemure (D:7)
  Blork the orc (D:4)
  6 kobold brigands
  4 gnoll sergeants (D:11)
  5 bullfrogs
  5 wights
  4 killer bees
  An electric eel (Lair:2)
  6 howler monkeys
  4 jellies
  2 hounds
  2 sleepcaps
  4 orc priests
  Jessica (D:2)
  Natasha (thrice) (D:2)
  5 iguanas
  5 orc wizards
  2 wolf simulacra (IceCv)
  A mummy (Ossuary)
  15 gnolls
  8 adders
  2 shadow imps
  A white imp (IceCv)
  2 ufetubi
  4 adder zombies (Ossuary)
  6 dart slugs
  2 worms (D:5)
  28 orcs
  2 ball pythons (D:2)
  5 bats
  10 endoplasms
  6 goblins
  14 hobgoblins
  6 jackals
  7 quokkas
  5 frilled lizards
  A gnoll zombie (Ossuary)
  A goblin zombie (Ossuary)
  4 hobgoblin zombies (Ossuary)
  47 kobolds
  3 kobold zombies (Ossuary)
  A quokka zombie (Ossuary)
  6 rats
  2 rat zombies (Ossuary)
355 creatures vanquished.

Vanquished Creatures (collateral kills)
  Erolcha (D:12)
  A two-headed ogre (D:12)
  An ugly thing (D:11)
  A black mamba (Lair:2)
  Joseph (D:7)
  An ice statue (IceCv)
  2 cane toads
  2 komodo dragons
  A rime drake (Lair:1)
  A kobold demonologist (D:12)
  An unseen horror (D:11)
  2 ice devils (IceCv)
  A troll (D:11)
  3 blink frogs (Lair:1)
  19 yaks
  A dire elephant simulacrum (IceCv)
  Eustachio (D:4)
  A wyvern (D:9)
  A steam dragon (D:8)
  2 vampire mosquitoes (D:12)
  A harpy simulacrum (IceCv)
  2 wargs (D:10)
  A hydra simulacrum (IceCv)
  9 water moccasins
  Duvessa (D:6)
  A black bear (D:6)
  A sky beast (D:8)
  3 ogres
  2 orc warriors
  2 wolves (Lair:2)
  2 lemures (D:7)
  4 centaurs
  A gnoll sergeant (D:8)
  2 bullfrogs
  A scorpion (D:6)
  A two-headed ogre simulacrum (IceCv)
  8 wights
  Dowan (D:6)
  2 killer bees (D:11)
  2 howler monkeys (D:8)
  2 electric eels
  A jelly (D:5)
  4 orc priests
  A human zombie (Ossuary)
  A sleepcap (D:7)
  An iguana (D:6)
  7 orc wizards
  A polar bear simulacrum (IceCv)
  2 mummies (Ossuary)
  An ufetubus (IceCv)
  22 orcs
  3 kobolds
  A goblin zombie (Ossuary)
138 creatures vanquished.

Vanquished Creatures (others)
  12 battlemagi
12 creatures vanquished.

Grand Total: 505 creatures vanquished

Notes
Turn   | Place    | Note
-------+----------+-------------------------------------------
     0 | D:1      | cforsyth the Vampire Shapeshifter began the quest for the
                  | Orb.
     0 | D:1      | Reached XP level 1. HP: 16/16 MP: 1/1
   194 | D:1      | Reached XP level 2. HP: 22/22 MP: 2/2
   718 | D:1      | Gained mutation: You are afflicted with vampirism and can
                  | become a bat while bloodless. [Vampire growth]
   718 | D:1      | Reached XP level 3. HP: 28/28 MP: 3/3
  1120 | D:2      | Reached skill level 3 in Unarmed Combat
  1298 | D:2      | Noticed Natasha
  1309 | D:2      | Reached XP level 4. HP: 19/34 MP: 4/4
  1314 | D:2      | Killed Natasha
  1445 | D:2      | Found a runed translucent door.
  1446 | D:2      | Noticed Crazy Yiuf
  1657 | D:2      | Noticed Jessica
  1671 | D:2      | Killed Jessica
  1830 | D:2      | Noticed Natasha
  1837 | D:2      | Killed Natasha
  1838 | D:2      | Reached XP level 5. HP: 39/41 MP: 5/5
  2060 | D:2      | Noticed Natasha
  2066 | D:2      | Killed Natasha
  2932 | D:3      | Reached skill level 4 in Unarmed Combat
  2995 | D:4      | Noticed a water moccasin
  3021 | D:4      | Killed a water moccasin
  3022 | D:4      | Reached XP level 6. HP: 37/48 MP: 6/6
  3116 | D:4      | Found a staircase to the Ecumenical Temple.
  3125 | Temple   | Entered the Ecumenical Temple
  3135 | Temple   | Became a worshipper of Hepliaklqana the Forgotten
  3326 | D:3      | Noticed Sigmund
  3335 | D:3      | Killed Sigmund
  3336 | D:3      | Reached skill level 5 in Shapeshifting
  3382 | D:3      | Reached skill level 5 in Unarmed Combat
  3424 | D:3      | Identified the +2 whip "Earthworm" {speed, MP+9}
  3466 | D:3      | Reached XP level 7. HP: 50/54 MP: 7/7
  3648 | D:4      | Noticed Blork the orc
  3659 | D:4      | Killed Blork the orc
  4295 | D:3      | Reached skill level 5 in Fighting
  4713 | D:4      | Reached * piety under Hepliaklqana
  4755 | D:4      | Found a shimmering blue altar of Sif Muna.
  4755 | D:4      | Found a stormy altar of Qazlal.
  4755 | D:4      | Found a shadowy altar of Dithmenos.
  4755 | D:4      | Found a sparkling altar of Nemelex Xobeh.
  4770 | D:4      | Found a blossoming altar of Fedhas.
  4775 | D:4      | Found a shimmering altar of Xom.
  4910 | D:4      | Found an opulent altar of Gozag.
  4910 | D:4      | Noticed Grinder
  4919 | D:4      | Killed Grinder
  4920 | D:4      | Reached skill level 6 in Unarmed Combat
  4920 | D:4      | Reached XP level 8. HP: 46/55 MP: 8/8
  5017 | D:4      | Noticed Eustachio
  5028 | D:4      | Killed Eustachio
  5150 | D:5      | Entered Level 5 of the Dungeon
  5241 | D:5      | Reached skill level 7 in Unarmed Combat
  5497 | D:5      | Reached ** piety under Hepliaklqana
  5498 | D:5      | Remembered your ancestor Amala as a battlemage
  5864 | D:5      | Found an ornate altar of the Wu Jian Council.
  6024 | D:6      | Identified the +2 robe "Reuducaal" {+Blink rC+ Dex-4
                  | Archmagi}
  6041 | D:6      | Reached XP level 9. HP: 52/63 MP: 9/9
  6114 | D:6      | Noticed Dowan
  6115 | D:6      | Noticed Duvessa
  6122 | D:6      | Killed Dowan
  6187 | D:7      | Reached skill level 8 in Unarmed Combat
  6242 | D:7      | Noticed Prince Ribbit
  6251 | D:7      | Killed Prince Ribbit
  6373 | D:7      | Reached *** piety under Hepliaklqana
  6385 | D:7      | Noticed Pikel
  6399 | D:7      | Killed Pikel
  6400 | D:7      | Reached skill level 9 in Unarmed Combat
  6506 | D:7      | Noticed Joseph
  7106 | D:6      | Reached XP level 10. HP: 67/73 MP: 10/10
  7202 | D:6      | Killed Duvessa
  7203 | D:6      | Reached skill level 10 in Unarmed Combat
  7616 | D:7      | Killed Joseph
  7705 | D:8      | Noticed a two-headed ogre
  7717 | D:8      | Killed a two-headed ogre
  7732 | D:8      | Reached skill level 11 in Unarmed Combat
  7773 | D:8      | Found a sand-covered staircase.
  7846 | Ossuary  | Entered an ossuary
  8378 | D:8      | Identified the +6 dagger of Sunlight {freeze, rPois}
  8652 | D:9      | Reached skill level 10 in Fighting
  8851 | D:9      | Reached skill level 12 in Unarmed Combat
  9033 | D:9      | Reached XP level 11. HP: 78/81 MP: 11/11
  9836 | D:9      | Found a basalt altar of Yredelemnul.
  9941 | D:10     | Entered Level 10 of the Dungeon
 10118 | D:10     | Reached skill level 13 in Unarmed Combat
 10139 | D:10     | Reached **** piety under Hepliaklqana
 10145 | D:10     | Found a broken altar of Ashenzari.
 10157 | D:10     | Found a staircase to the Lair.
 10877 | D:11     | Found a staircase to the Orcish Mines.
 11280 | D:11     | Noticed a purple ugly thing
 11288 | D:11     | Killed a purple ugly thing
 11313 | D:11     | Reached skill level 14 in Unarmed Combat
 11597 | D:11     | Noticed a boulder beetle
 11628 | D:11     | Reached XP level 12. HP: 37/91 MP: 12/12
 11629 | D:11     | Killed a boulder beetle
 12265 | D:12     | Noticed Erolcha
 12276 | D:12     | Killed Erolcha
 12340 | D:12     | Noticed a two-headed ogre
 12350 | D:12     | Killed a two-headed ogre
 12425 | D:12     | Noticed a two-headed ogre
 12431 | D:12     | Killed a two-headed ogre
 12532 | D:12     | Reached ***** piety under Hepliaklqana
 12548 | D:12     | Noticed a two-headed ogre
 12583 | D:12     | Killed a two-headed ogre
 12584 | D:12     | Reached skill level 15 in Unarmed Combat
 13475 | Lair:1   | Entered Level 1 of the Lair of Beasts
 14480 | Lair:1   | Reached XP level 13. HP: 72/100 MP: 13/13
 14927 | Lair:2   | Identified a scroll of acquirement
 14929 | Lair:2   | Acquired 955 gold pieces
 15483 | Lair:2   | Identified the +1 scale mail of Quiet Fog {Str+2}
 15650 | Lair:2   | Found an ornate altar of the Wu Jian Council.
 15970 | Lair:2   | Found a staircase to the Shoals.
 16339 | Lair:3   | Found a staircase to the Snake Pit.
 16358 | Lair:3   | Found a frozen archway.
 16371 | IceCv    | Entered an ice cave
 16701 | IceCv    | Reached skill level 10 in Shapeshifting
 16892 | IceCv    | Slain by a harpy simulacrum

Illustrated notes

Levels and vault maps discovered:
D:1:      elethiomel_arrival_maze, layout_loops_corners
D:2:      layout_loops_ring, uniq_crazy_yiuf_cottage, uniq_natasha, uniq_jessica
D:3:      minmay_goblin_kobold_castle, layout_basic, kennysheep_nondescript,
          kennysheep_path_1, uniq_sigmund
D:4:      layout_basic, grunt_temple_overflow_gold_and_silver,
          nicolae_overflow_crystal_walls, minmay_overflow_temple_hex,
          minmay_temple_entry_glass, minmay_statues_item, uniq_eustachio,
          uniq_blork_the_orc, uniq_grinder
D:5:      layout_loops_cross, nicolae_wu_jian_immortal_techniques,
          minmay_crystal_water, grunt_ministairs_8, wad_floor_pattern_2
D:6:      layout_basic, minmay_quadrilaterals, uniq_duvessa
D:7:      layout_rooms, uniq_joseph, uniq_prince_ribbit1, uniq_pikel
D:8:      layout_rooms, chequers_ossuary_entry_cave
D:9:      layout_loops_ring, marbit_many_paths
D:10:     layout_loops_ring, old_standard_altar, erik_lair_orcish_takeover
D:11:     layout_loops_ring, kennysheep_orc_monster_closet_entryway,
          minmay_misc_feat_secret_circle
D:12:     layout_basic, chequers_serial_rivers_room_a, uniq_erolcha
Temple:   eino_wide_crystal_templ
Lair:1:   layout_gridlike, serial_bayou_shore_a
Lair:2:   layout_long_grid, elwin_shoals_entry_rooms, lemuel_centaur_altar
Lair:3:   layout_long_grid, minmay_snake_entry_six_corridors,
          portal_ice_cave_entry_pillars_1, uniq_urug
IceCv:    ice_cave_tombish

Skill      XL: |  1  2  3  4  5  6  7  8  9 10 11 12 13 |
---------------+----------------------------------------+-----
Fighting       | 2 3 4 5 6 8 10 12 13 14 | 14.7
Unarmed Combat | 3 4 5 6 7 9 12 14 15 | 15.3
Shapeshifting  | 4 5 6 7 8 10 | 10.2
Dodging        | |  2.1

Action                     |  1- 3 |  4- 6 |  7- 9 | 10-12 | 13-15 || total
---------------------------+-------+-------+-------+-------+-------++-------
  Melee: Unarmed           |    93 |   129 |   313 |   609 |   165 ||  1309
         Bite              |    12 |     7 |    33 |    92 |    28 ||   172
         Punch             |     2 |     6 |    13 |    73 |    20 ||   114
 Invoke: Ancestor Life: Ba |       |       |     1 |       |       ||     1
         Recall Ancestor   |       |       |     1 |     4 |     1 ||     6
  Evoke: Wand              |       |       |       |       |     2 ||     2
    Use: Potion            |     1 |     2 |     1 |     3 |     1 ||     8
         Scroll            |       |       |    10 |    13 |     5 ||    28
   Stab: Sleeping          |     2 |       |       |       |       ||     2
         Distracted        |       |       |     1 |     7 |     1 ||     9
 Armour: Animal skin       |    19 |     4 |       |       |       ||    23
         Skin              |     1 |    23 |       |       |       ||    24
         Chain mail        |       |    38 |   130 |   122 |    55 ||   345
  Dodge: Dodged            |    59 |    42 |   175 |   455 |   147 ||   878
         Form:             |       |       |       |     2 |       ||     2
         Beast             |       |       |       |     1 |       ||     1

Table legend: (Time is in decaauts)
 A = Elapsed time spent in this place.
 B = Non-inter-level travel time spent in this place.
 C = Inter-level travel time spent in this place.
 D = Time resting spent in this place.
 E = Time spent auto-exploring this place.
 F = Levels seen in this place.
 G = Mean time per level.
                   A        B        C        D        E       F      G
               +--------+--------+--------+--------+--------+-----+--------+
         Total |  16762 |  16068 |    694 |   1249 |  11606 |  18 |  931.2 |
       Dungeon |  13335 |  12721 |    614 |    720 |   9545 |  12 | 1111.2 |
        Temple |     20 |     10 |     10 |      0 |      0 |   1 |   20.0 |
          Lair |   2667 |   2597 |     70 |    365 |   1760 |   3 |  889.0 |
       Ossuary |    240 |    240 |      0 |    100 |     60 |   1 |  240.0 |
      Ice Cave |    498 |    498 |      0 |     64 |    240 |   1 |  498.0 |
               +--------+--------+--------+--------+--------+-----+--------+

Top non-repeatable levels by time:
     D:2: 1869 daAuts
     D:3: 1544 daAuts
    D:11: 1365 daAuts
     D:9: 1344 daAuts
  Lair:2: 1338 daAuts
    D:12: 1280 daAuts
  Lair:1: 1195 daAuts
     D:6: 1056 daAuts
     D:1: 974 daAuts
    D:10: 925 daAuts
     D:4: 810 daAuts
     D:5: 799 daAuts
     D:8: 764 daAuts
     D:7: 601 daAuts
   IceCv: 498 daAuts
